 Dungeon Crawl Stone Soup version 0.21-a0-471-gd587bd5 (webtiles) character file.

6 theanonym the Skirmisher (level 1, -2/18 HPs)
             Began as a Demonspawn Fighter on Nov 21, 2017.
             Slain by a gnoll
             ... wielding a +0 flail
              (8 damage)
             ... on level 1 of the Dungeon.
             The game lasted 00:00:13 (26 turns).

theanonym the Skirmisher (Demonspawn Fighter)         Turns: 26, Time: 00:00:14

Health: -2/18      AC:  6    Str: 21    XL:     1   Next: 75%
Magic:  1/1        EV:  7    Int:  9    God:
Gold:   0          SH:  9    Dex: 12    Spells: 0/0 levels left

rFire    . . .     SeeInvis .   a - +0 war axe
rCold    . . .     Gourm    .   c - +0 shield
rNeg     . . .     Faith    .   b - +0 scale mail
rPois    .         Spirit   .   (no helmet)
rElec    .         Reflect  .   (no cloak)
rCorr    .         Harm     .   (no gloves)
MR       .....                  (no boots)
Stlth    ..........             (no amulet)
HPRegen  0.06/turn              (no ring)
MPRegen  0.07/turn              (no ring)

@: mighty
A: no striking features
a: no special abilities


   Skills:
 - Level 3.0 Fighting
 + Level 2.3 Axes
 - Level 2.6 Armour
 - Level 2.6 Shields


You couldn't memorise any spells.
You didn't know any spells.

Skill      XL: |  1 |
---------------+----+-----
Axes           | 2 |  2.3
Fighting       | |  3.0
Armour         | |  2.6
Shields        | |  2.6

Action                   || total
-------------------------++-------
Melee: War axe           ||    18
  Use: Potion            ||     1
Armor: Scale mail        ||     9
Dodge: Dodged            ||    11
Block: Shield            ||    10

Inventory:

Hand Weapons
 a - a +0 war axe (weapon)
Armour
 b - a +0 scale mail (worn)
 c - a +0 shield (worn)
Comestibles
 f - a bread ration

Dungeon Overview and Level Annotations

Branches:
Dungeon (1/15)

Altars:


You were on level 1 of the Dungeon.
You were not hungry.

You visited 1 branch of the dungeon, and saw 1 of its levels.


Message History

Welcome, theanonym the Demonspawn Fighter.
Will you be the one to retrieve the fabulous Orb of Zot from the depths?
Found a scroll labeled DOS ZUCACADD and a scroll labeled ILAT NUKURUO.
Found a staircase leading out of the dungeon.
A leopard gecko, a goblin and a dart slug come into view.
Unknown command.
There are monsters nearby!
There are monsters nearby!
The leopard gecko hisses angrily.
The jackal barks!
You open the gate.
Found a short sword.
There is an open gate here.
Found a stone staircase leading down.
A kobold comes into view.
The kobold shouts!
Your shield and scale mail prevent you from hitting the leopard gecko.
You block the leopard gecko's attack.
The leopard gecko bites you but does no damage.
You miss the leopard gecko. The leopard gecko bites you.
The leopard gecko barely misses you.
You take 1 damage, and have 17/18 hp.
You closely miss the leopard gecko. You block the leopard gecko's attack.
A jackal, a hobgoblin, a gnoll and a kobold come into view.
You closely miss the leopard gecko.
The jackal barks!
You hear a bark!
You hear a shout!
The leopard gecko closely misses you.
The leopard gecko bites you but does no damage.
You miss the leopard gecko.
The leopard gecko bites you but does no damage.
You block the leopard gecko's attack.
A hobgoblin comes into view.
The hobgoblin shouts!
You hit the leopard gecko but do no damage.
You hear a bark!
The leopard gecko bites you but does no damage.
The leopard gecko bites you.
A jackal comes into view.
You take 2 damage, and have 15/18 hp.
You closely miss the leopard gecko.
The leopard gecko bites you but does no damage.
The dart slug launches a dart at you. You block the slug dart.
The leopard gecko barely misses you.
A jackal comes into view.
You closely miss the leopard gecko.
The jackal barks!
The jackal moves out of view.
The leopard gecko barely misses you. The dart slug launches a dart at you.
You block the slug dart.
You miss the leopard gecko. The leopard gecko bites you.
You block the leopard gecko's attack.
You take 4 damage, and have 12/18 hp.
MASSIVE DAMAGE!!
You closely miss the leopard gecko.
The leopard gecko bites you but does no damage.
You block the leopard gecko's attack. The dart slug launches a dart at you.
The slug dart hits you!
A goblin comes into view. It is wielding a dagger.
A dart slug comes into view.
There is an open gate here.
You hit the leopard gecko.
You kill the leopard gecko!
Your Axes skill increases to level 2!
You hit the dart slug. The jackal closely misses you.
You block the dart slug's attack.
You feel very mighty all of a sudden. You block the jackal's attack.
You slash the dart slug!
You kill the dart slug!
You closely miss the jackal. The jackal barely misses you.
The jackal completely misses you.
You barely miss the jackal. The jackal barely misses you. x2
You closely miss the jackal. The jackal bites you.
The jackal bites you but does no damage.
You take 1 damage, and have 11/18 hp.
You closely miss the jackal.
The goblin shouts!
The jackal barely misses you.
The jackal bites you but does no damage.
You closely miss the jackal. The jackal barely misses you.
You block the jackal's attack.
You slash the jackal!
You kill the jackal!
The gnoll hits you with a flail.
* * * LOW HITPOINT WARNING * * *
You take 5 damage, and have 6/18 hp.
MASSIVE DAMAGE!!
You slash the gnoll! The gnoll hits you with a flail!
You die...

#.....>.#
#.......#
#.......#
#.......#
#....)..#
#.......#
#########.......#
....ggKg........#
......##@†'##..?.
...hh.#.....#....
...g.h#.....#....
......#..<..#....
......#.....#....
......#######....
.... ..... ...
.... ....... ..
.........


You could see a gnoll, a jackal, a hobgoblin, a goblin and a kobold.

Notes
Turn   | Place    | Note
-------+----------+-------------------------------------------
     0 | D:1      | theanonym the Demonspawn Fighter began the quest for the Orb.
     0 | D:1      | Reached XP level 1. HP: 18/18 MP: 1/1
    18 | D:1      | Reached skill level 2 in Axes
    25 | D:1      | HP: 6/18 [gnoll/flail (6)]
    26 | D:1      | Slain by a gnoll

Vanquished Creatures
  A dart slug (D:1)
  A leopard gecko (D:1)
  A jackal (D:1)
3 creatures vanquished.
